Map: [ESL] Data-C

Players

Ukko

  • Race: Zerg Zerg
  • Spawn Location: 3:00

Namshar - Winner!

  • Race: Zerg Zerg
  • Spawn Location: 9:00

Event: DreamHack SC2 Masters 2022 Atlanta (Online)

VOD

Have the link to the VOD?

Description

Time

  • Played on: Oct. 8, 2022, 3:42 p.m.
  • Length: 17:02

All games in this series

Show
View Real Time Build Order
Export as new Build Order

Ukko Zerg 

Build Orders: Hatch First 

Get SALT Encoding   

  12  0:00  Drone  
  13  0:12  Overlord  
  13  0:16  Drone  
  14  0:30  Drone x2  
  16  0:46  Hatchery  
  15  0:51  Drone  
  15  0:54  Drone  
  17  0:57  Drone  
  18  1:05  Extractor  
  17  1:13  Spawning Pool  
  17  1:16  Drone  
  17  1:20  Drone  
  18  1:27  Drone  
  19  1:38  Drone  
  20  1:48  Drone  
  21  1:58  Overlord  
  21  2:00  Queen x2  
  25  2:08  Zergling x2, Metabolic Boost  
  26  2:12  Drone  
  26  2:13  Drone  
  28  2:23  Drone x2  
  30  2:35  Hatchery  
  29  2:39  Drone x2  
  31  2:44  Baneling Nest  
  31  2:47  Zergling x2  
  31  2:51  Overlord  
  31  2:59  Zergling x2  
  31  3:01  Zergling x2  
  31  3:05  Drone x2  
  35  3:12  Drone x5  
  39  3:15  Drone  
  40  3:20  Overlord  
  40  3:26  Queen  
  41  3:29  Baneling x2  
  41  3:33  Drone  
  42  3:34  Zergling x2  
  42  3:35  Evolution Chamber  
  42  3:39  Zergling x2  
  43  3:42  Zergling x4  
  45  3:51  Baneling x2  
  45  3:52  Zergling x10  
  50  4:08  Queen  
  51  4:10  Overlord x2  
  51  4:11  Drone  
  51  4:12  Drone  
  53  4:17  Drone x2  
  55  4:24  Roach Warren, Zerg Melee Weapons Level 1  
  55  4:25  Drone x3  
  55  4:29  Drone x2  
  59  4:38  Drone x5  
  59  4:42  Extractor x2  
  61  4:49  Drone  
  61  4:50  Drone x4  
  61  4:51  Lair  
  66  4:57  Drone x5  
  70  5:09  Drone x3  
  70  5:12  Extractor  
  70  5:13  Overlord x3  
  70  5:14  Extractor  
  71  5:15  Extractor  
  71  5:19  Overlord x2  
  69  5:24  Roach x2  
  73  5:28  Spine Crawler  
  73  5:29  Roach  
  73  5:30  Overlord  
  73  5:32  Roach  
  80  5:35  Roach x2  
  80  5:39  Roach x2  
  80  5:40  Roach  
  80  5:42  Roach  
  82  5:49  Roach x4  
  90  5:52  Roach  
  86  5:58  Roach x3  
  86  6:03  Roach x2  
  92  6:05  Roach  
  92  6:09  Extractor  
  83  6:14  Zergling x12  
  84  6:19  Queen  
  83  6:31  Drone x3  
  85  6:33  Spire  
  85  6:34  Drone x2  
  85  6:37  Drone x2  
  85  6:39  Drone  
  89  6:41  Drone  
  89  6:44  Drone x2  
  91  6:47  Drone  
  90  6:57  Drone x4  
  90  6:59  Queen, Drone  
  90  7:11  Drone x5  
  90  7:12  Queen  
  87  7:18  Zergling x2  
  87  7:21  Zergling x2, Spine Crawler  
  86  7:23  Spine Crawler  
  86  7:25  Zergling x2  
  86  7:33  Zergling x12  
  92  7:41  Overlord  
  92  7:47  Hatchery  
  92  7:48  Zerg Flyer Weapons Level 1, Mutalisk x2  
  96  7:52  Mutalisk x2  
  96  7:55  Mutalisk  
  96  7:58  Spine Crawler  
  101  8:00  Mutalisk x2  
  101  8:05  Roach x2  
  105  8:13  Mutalisk x2  
  105  8:19  Mutalisk  
  107  8:24  Mutalisk  
  104  8:29  Mutalisk x3  
  90  8:35  Mutalisk  
  58  8:58  Drone  
  56  9:11  Drone x2  
  56  9:15  Overseer  
  58  9:17  Drone  
  58  9:19  Drone  
  60  9:27  Drone x4  
  64  9:34  Drone x3  
  67  9:42  Drone x5  
  72  9:48  Drone x3  
  72  9:52  Zerg Melee Weapons Level 2  
  75  9:54  Drone x2  
  75  9:59  Drone x3  
  80  10:06  Queen  
  80  10:11  Drone x4  
  86  10:24  Overlord x2  
  86  10:25  Queen x3  
  92  10:31  Drone x3  
  92  10:32  Drone x3  
  98  10:36  Drone  
  98  10:37  Drone  
  98  10:39  Extractor  
  98  10:40  Extractor  
  98  10:41  Zerg Flyer Weapons Level 2  
  98  10:44  Drone x2  
  98  10:48  Drone  
  101  10:51  Mutalisk  
  101  10:53  Mutalisk  
  105  11:02  Zergling x8  
  109  11:08  Drone, Pneumatized Carapace  
  110  11:12  Mutalisk  
  110  11:13  Zergling x4  
  110  11:17  Overseer  
  114  11:19  Mutalisk  
  114  11:21  Zergling x10  
  121  11:31  Mutalisk x2  
  125  11:33  Zergling x6  
  126  11:42  Zergling x20  
  136  11:55  Zergling x12  
  142  12:07  Zergling x8  
  144  12:12  Overlord x7  
  144  12:14  Baneling x5  
  144  12:15  Baneling x2  
  142  12:26  Baneling x7  
  142  12:27  Baneling x4  
  137  12:32  Mutalisk x3  
  136  12:37  Centrifugal Hooks  
  136  12:41  Mutalisk  
  136  12:43  Baneling  
  136  12:44  Baneling x2  
  126  12:55  Baneling  
  126  12:56  Baneling x14  
  119  13:13  Drone x12  
  119  13:17  Drone  
  119  13:18  Infestation Pit  
  114  13:30  Mutalisk x4  
  112  13:36  Mutalisk x3  
  118  13:44  Zergling x12  
  124  13:59  Drone x3  
  124  14:00  Hive  
  124  14:01  Zerg Flyer Armor Level 1  
  127  14:07  Zergling x20  
  134  14:17  Queen  
  134  14:18  Zergling x12  
  140  14:38  Overseer  
  140  14:39  Overseer x2  
  138  14:48  Zergling x8  
  138  14:49  Zergling x16  
  138  14:51  Baneling x10  
  138  14:52  Baneling x15  
  150  14:56  Drone  
  150  14:57  Drone  
  150  14:59  Drone x2  
  154  15:16  Adrenal Glands  
  154  15:18  Zergling x16, Hatchery, Ultralisk Cavern  
  150  15:29  Drone x10  
  150  15:34  Overlord x2  
  160  15:42  Viper  
  159  15:44  Viper  
  159  15:45  Viper  
  163  15:50  Zergling x6, Baneling x6  
  163  15:52  Baneling x7  
  165  16:01  Baneling  
  165  16:02  Baneling x9  
  159  16:05  Zergling x8  
  138  16:12  Zergling x10  
Show
View Real Time Build Order
Export as new Build Order

Namshar Zerg - Winner!

Build Orders: Hatch First, Lurkers 

Get SALT Encoding   

  12  0:00  Drone  
  13  0:11  Overlord  
  13  0:16  Drone  
  14  0:30  Drone x2  
  16  0:47  Hatchery  
  15  0:50  Drone  
  15  0:54  Drone  
  17  0:58  Drone  
  18  1:09  Extractor  
  17  1:13  Spawning Pool  
  17  1:16  Drone  
  17  1:20  Drone  
  18  1:27  Drone  
  19  1:38  Drone  
  20  1:48  Drone  
  21  1:59  Queen, Drone  
  21  2:00  Queen, Overlord  
  26  2:11  Drone x2  
  26  2:13  Metabolic Boost  
  28  2:21  Zergling x2  
  28  2:22  Drone  
  30  2:31  Drone  
  30  2:32  Zergling x2  
  30  2:36  Hatchery  
  31  2:43  Drone  
  32  2:44  Overlord  
  32  2:48  Baneling Nest  
  31  2:54  Drone  
  31  2:58  Drone  
  33  3:07  Drone x3  
  33  3:10  Zergling x4, Drone  
  33  3:11  Zergling x2  
  40  3:18  Evolution Chamber  
  38  3:20  Zergling x2  
  38  3:23  Queen  
  41  3:28  Overlord  
  41  3:32  Baneling  
  41  3:34  Baneling  
  41  3:37  Drone x2  
  43  3:44  Overlord  
  43  3:45  Zerg Missile Weapons Level 1  
  44  3:48  Drone x4  
  44  3:54  Drone x3  
  50  4:02  Zergling x6  
  52  4:09  Extractor  
  50  4:11  Extractor  
  50  4:12  Drone, Roach Warren  
  50  4:13  Drone  
  50  4:17  Drone x3  
  50  4:20  Drone x2  
  55  4:34  Overlord x3  
  55  4:36  Overlord  
  54  4:52  Roach x7  
  68  4:57  Roach x2  
  69  5:07  Roach x4  
  69  5:11  Roach x2  
  81  5:20  Roach  
  82  5:25  Lair  
  82  5:26  Zergling x10  
  87  5:40  Drone x4  
  87  5:41  Drone x5  
  95  5:44  Zerg Ground Armor Level 1, Extractor  
  94  5:54  Drone  
  89  5:57  Zergling x6  
  89  6:02  Drone x7  
  94  6:05  Extractor  
  94  6:08  Drone x3  
  90  6:14  Drone  
  87  6:20  Extractor  
  87  6:25  Roach x4  
  90  6:31  Glial Reconstitution  
  86  6:33  Roach x6  
  86  6:34  Evolution Chamber  
  97  6:40  Overlord x3  
  97  6:42  Spine Crawler  
  92  6:51  Roach x4  
  97  6:58  Overlord x2  
  97  7:00  Roach  
  97  7:01  Roach x3  
  103  7:05  Roach x3  
  109  7:10  Roach x2  
  109  7:13  Roach x2  
  109  7:18  Zerg Missile Weapons Level 2  
  108  7:23  Drone  
  108  7:26  Spire  
  108  7:27  Overlord x2  
  108  7:29  Drone x3  
  111  7:31  Drone  
  111  7:36  Ravager x3  
  115  7:37  Drone x2  
  115  7:38  Drone  
  115  7:42  Ravager  
  119  7:50  Hatchery  
  118  7:59  Overlord x2  
  118  8:01  Queen  
  118  8:03  Roach  
  118  8:04  Roach x4  
  126  8:13  Roach  
  126  8:14  Roach x5  
  134  8:22  Roach x5  
  129  8:40  Queen  
  129  8:41  Queen x2  
  120  8:49  Drone x5  
  120  8:52  Spore Crawler, Drone x2  
  120  8:53  Spore Crawler  
  109  9:04  Spore Crawler x2  
  109  9:07  Spore Crawler x2  
  109  9:08  Spore Crawler  
  102  9:10  Spore Crawler  
  102  9:15  Drone x3  
  102  9:16  Queen x2  
  98  9:20  Tunneling Claws, Burrow  
  100  9:33  Drone x2  
  100  9:34  Drone x2  
  100  9:37  Drone x2  
  100  9:38  Drone  
  107  9:39  Infestation Pit  
  107  9:41  Overlord x2  
  106  9:48  Overlord  
  106  9:49  Overlord  
  106  9:52  Spore Crawler, Queen  
  107  10:03  Drone  
  107  10:05  Roach x7  
  118  10:11  Drone  
  119  10:17  Queen  
  121  10:27  Queen, Drone x9  
  132  10:31  Queen x2  
  136  10:37  Roach x4  
  136  10:39  Roach x21  
  144  10:45  Spore Crawler  
  144  10:48  Roach x4  
  151  10:56  Drone x2  
  153  11:04  Roach x4  
  153  11:13  Overlord x2  
  153  11:14  Infestor x3  
  153  11:17  Roach x3  
  159  11:19  Hydralisk Den  
  159  11:20  Roach x5  
  159  11:24  Overlord x4  
  159  11:25  Hive  
  164  11:39  Roach x5  
  164  11:42  Roach x10  
  164  11:47  Extractor  
  164  11:48  Drone x3, Extractor  
  164  11:49  Drone x4  
  164  11:50  Spore Crawler, Drone  
  164  11:51  Spore Crawler, Grooved Spines  
  164  11:52  Lurker Den  
  155  12:06  Hydralisk x10, Roach x5  
  155  12:07  Roach  
  171  12:23  Roach x4  
  171  12:27  Ravager x2  
  171  12:28  Ravager x3  
  176  12:30  Zerg Ground Armor Level 2  
  166  12:45  Drone, Hatchery  
  166  12:46  Drone x2  
  152  12:52  Drone  
  152  12:53  Drone x8  
  159  12:59  Seismic Spines  
  159  13:00  Zerg Missile Weapons Level 3  
  159  13:01  Lurker x6  
  159  13:02  Lurker, Muscular Augments  
  163  13:14  Hydralisk x4  
  163  13:31  Hydralisk x5  
  171  13:41  Drone  
  171  13:42  Drone x5  
  171  13:43  Drone  
  171  13:48  Hydralisk x6  
  178  13:49  Roach x2  
  186  14:12  Hydralisk x5  
  192  14:19  Hydralisk x4  
  192  14:20  Spore Crawler x2, Spine Crawler  
  192  14:21  Spore Crawler  
  194  14:31  Drone x2  
  196  14:34  Spore Crawler  
  190  14:41  Spore Crawler  
  190  14:42  Spore Crawler  
  190  14:45  Spore Crawler  
  188  14:48  Drone x2  
  189  14:54  Spore Crawler  
  189  14:57  Drone x5  
  189  14:59  Spore Crawler  
  192  15:02  Spore Crawler x2  
  192  15:05  Spore Crawler  
  192  15:06  Drone x2  
  191  15:11  Lurker x2  
  191  15:12  Lurker x4  
  197  15:16  Hydralisk  
  198  15:32  Extractor  
  198  15:33  Extractor  
  196  15:40  Hydralisk  
  196  15:41  Hydralisk  
  200  15:46  Adaptive Talons  
  198  16:16  Hydralisk x5  
  198  16:17  Hydralisk x9  
  190  16:26  Hydralisk  
  190  16:27  Hydralisk x4  
Tags
 
Add a new tag
Caveats
  • Supply blocks, unpowered buildings, or Contaminate may cause inaccurate times.
  • Supply counts are checked every 10 seconds.